 Dungeon Crawl Stone Soup version 0.30-a0-172-gc5509c9e31 (webtiles) character file.

Game seed: 4735998004633442274

392 qw the Chopper (level 6, -5/38 HPs)
             Began as a Gargoyle Fighter on Oct 1, 2022.
             Slain by a yak (13 damage)
             ... on level 4 of the Dungeon.
             The game lasted 00:01:13 (2502 turns).

qw the Chopper (Gargoyle Fighter)                   Turns: 2502, Time: 00:01:13

Health: -5/38      AC: 14    Str: 21    XL:     6   Next: 80%
Magic:  6/6        EV:  9    Int:  9    God:
Gold:   152        SH:  4    Dex:  9    Spells: 5/5 levels left

rFire   . . .      SeeInvis .    Y - +0 war axe
rCold   . . .      Faith    .    c - +0 buckler
rNeg    + . .      Spirit   .    b - +0 scale mail
rPois   inf        Reflect  .    (no helmet)
rElec   +          Harm     .    j - +0 cloak
rCorr   .          Rampage  .    (no gloves)
Will    .....                    f - +1 pair of boots
Stlth   ..........               (no amulet)
HPRegen 0.26/turn                (no ring)
MPRegen 0.10/turn                (no ring)

@: no status effects
A: sickness immunity, AC +4, negative energy resistance 1, electricity
resistance, torment resistance 1, petrification resistance
a: no special abilities


You were on level 4 of the Dungeon.
You visited 1 branch of the dungeon, and saw 4 of its levels.

You collected 152 gold pieces.


Innate Abilities, Weirdness & Mutations

You are immune to sickness and miasma.
Your stone body is resilient. (AC +4)
You are immune to poison.
You resist negative energy. (rN+)
You are resistant to electric shocks. (rElec)
You are resistant to unholy torment.
You are immune to petrification.


   Skills:
 - Level 4.0 Fighting
 + Level 5.8 Axes
 - Level 0.4 Throwing
 - Level 3.2 Armour
 - Level 1.0 Dodging
 - Level 3.2 Shields


You had 5 spell levels left.
You didn't know any spells.
Your spell library was empty.

Inventory:

Hand Weapons
 h - a +2 vorpal flail
 Y - a +0 war axe (weapon)
Armour
 b - a +0 scale mail (worn)
 c - a +0 buckler (worn)
 f - a +1 pair of boots (worn)
 j - a +0 cloak (worn)
Jewellery
 a - a ring of flight
 g - an amulet of faith
Scrolls
 l - a scroll of identify
 m - a scroll of blinking {unknown}
Potions
 d - a potion of might
 e - a potion of brilliance {unknown}
 i - a potion of curing {unknown}
 k - a potion of heal wounds {unknown}
 n - a potion of attraction {unknown}

Dungeon Overview and Level Annotations

Branches:
Dungeon (4/15)
 Temple: D:4-7

Altars:
Ashenzari

Shops:
D:1 (

Annotations:
D:4 1 runed translucent door, qw's ghost, amateur GrFi


Message History

n - a sapphire potion
Found an escape hatch in the floor.
An endoplasm comes into view.
The endoplasm quivers.
You hit the endoplasm but do no damage. The endoplasm freezes you.
You are frozen.
The endoplasm freezes you.
You are frozen.
You slash the endoplasm!
You kill the endoplasm!
You start resting.
HP restored.
You now have 152 gold pieces (gained 12).
A yak comes into view.
The yak bellows!
A yak comes into view.
A yak comes into view.
2494 ||| Stepping ~*~*~tactically~*~*~ (stealth).
The yak bellows!
You slash the yak!
The yak is moderately wounded.
You closely miss the yak.
The yak is moderately wounded.
You barely miss the yak. The yak gores you. x2
You hit the yak.
The yak is moderately wounded.
You slash the yak! The yak gores you! The yak gores you.
The yak gores you but does no damage. The yak barely misses you.
You block the yak's attack.
You slash the yak!
The yak is heavily wounded.
You completely miss the yak. You barely miss the yak.
The yak gores you but does no damage. The yak gores you! x2
You slash the yak!
The yak is almost dead.
You hit the yak but do no damage. You barely miss the yak. The yak gores you!
You die...

....# #.....#..#
...#.....#.#....##
.......#.........#
..#.#..[..##....#
.....#.#.##....#
..#.#.$...#[...##
#.......##....##
#..#Y#Y.....##
#...Y@....###
#.####...## #...##
......## ##..>##
#..## #..# #.#


You could see 3 yaks.

Vanquished Creatures
  Sigmund (D:2)
  A hound (D:4)
  Terence (D:2)
  An iguana (D:4)
  4 gnolls
  4 adders
  An ufetubus (D:4)
  3 worms
  A dart slug (D:1)
  An orc (D:4)
  6 endoplasms
  3 giant cockroaches
  5 goblins
  4 hobgoblins
  2 jackals (D:1)
  2 quokkas
  4 ball pythons
  5 bats
  2 frilled lizards (D:1)
  4 kobolds
  4 rats
59 creatures vanquished.

Vanquished Creatures (others)
  5 plants (D:1)
5 creatures vanquished.

Grand Total: 64 creatures vanquished

Notes
Turn   | Place    | Note
-------+----------+-------------------------------------------
     0 | D:1      | qw the Gargoyle Fighter began the quest for the Orb.
     0 | D:1      | Reached XP level 1. HP: 14/14 MP: 1/1
     0 | D:1      | 0 ||| qw: Version: 0.2-a-13-gfc7b4b4
     0 | D:1      | 0 ||| qw: Game counter: 1759
     0 | D:1      | 0 ||| qw: Always use a shield: true
     0 | D:1      | 0 ||| qw: God list: Okawaru
     0 | D:1      | 0 ||| qw: Allow faded altars: false
     0 | D:1      | 0 ||| qw: Do Orc after D:15 true
     0 | D:1      | 0 ||| qw: Do second Lair branch before Depths: true
     0 | D:1      | 0 ||| qw: Lair rune preference: random
     0 | D:1      | 0 ||| qw: Plans: Normal, Zot:1-4, God:TSO, Crypt, Tomb,
                  | Pan, Slime:5, Hells, Abyss, Orb
     0 | D:1      | 0 ||| PLANNING D:1-11
    19 | D:1      | Reached skill level 2 in Axes
    60 | D:1      | 60 ||| Stepping ~*~*~tactically~*~*~ (hiding).
    71 | D:1      | Reached XP level 2. HP: 18/19 MP: 2/2
   109 | D:1      | You fall into a shaft and drop 1 floor!
   185 | D:2      | Reached skill level 3 in Axes
   233 | D:2      | 233 ||| Stepping ~*~*~tactically~*~*~ (stealth).
   243 | D:2      | Reached XP level 3. HP: 20/23 MP: 3/3
   262 | D:2      | 262 ||| READING scroll labelled SEITOT VULUMO.
   263 | D:2      | 263 ||| DRINKING 2 glowing brown potions.
   264 | D:2      | 264 ||| DROPPING potion of flight.
   333 | D:1      | Found Dejimm's Antique Weapon Shop.
   989 | D:1      | 989 ||| UPGRADING to +1 pair of boots.
   994 | D:1      | 994 ||| UPGRADING to +0 cloak.
   999 | D:1      | 999 ||| READING scroll labelled KOCYLO LEQEHI.
  1100 | D:1      | 1100 ||| READING 2 scrolls labelled FITHRA OCEKHLAO.
  1219 | D:2      | Noticed Sigmund
  1220 | D:2      | 1220 ||| Stepping ~*~*~tactically~*~*~ (hiding).
  1222 | D:2      | 1222 ||| Stepping ~*~*~tactically~*~*~ (hiding).
  1223 | D:2      | 1223 ||| Stepping ~*~*~tactically~*~*~ (hiding).
  1224 | D:2      | 1224 ||| Stepping ~*~*~tactically~*~*~ (hiding).
  1225 | D:2      | 1225 ||| Stepping ~*~*~tactically~*~*~ (hiding).
  1227 | D:2      | 1227 ||| Stepping ~*~*~tactically~*~*~ (hiding).
  1228 | D:2      | 1228 ||| Stepping ~*~*~tactically~*~*~ (hiding).
  1230 | D:2      | 1230 ||| Stepping ~*~*~tactically~*~*~ (hiding).
  1231 | D:2      | 1231 ||| Stepping ~*~*~tactically~*~*~ (hiding).
  1245 | D:2      | Killed Sigmund
  1246 | D:2      | Reached skill level 5 in Axes
  1246 | D:2      | Reached XP level 4. HP: 28/28 MP: 4/4
  1246 | D:2      | Reached XP level 5. HP: 32/32 MP: 5/5
  1303 | D:2      | Noticed Terence
  1311 | D:2      | Killed Terence
  1312 | D:2      | Reached XP level 6. HP: 38/38 MP: 6/6
  1453 | D:3      | 1453 ||| STAIRDANCE
  1516 | D:2      | 1516 ||| DROPPING +0 club.
  1529 | D:3      | 1529 ||| STAIRDANCE
  1610 | D:3      | Found a broken altar of Ashenzari.
  1649 | D:3      | Reached skill level 1 in Dodging
  1730 | D:3      | 1730 ||| READING scroll labelled QAYBLO JUOTH.
  1964 | D:3      | Found a faded altar of an unknown god.
  2009 | D:3      | 2009 ||| READING scroll labelled CAWOGAB OBYOXU.
  2010 | D:3      | 2010 ||| READING 2 scrolls of identify.
  2010 | D:3      | 2010 ||| IDENTIFYING puce potion
  2011 | D:3      | 2011 ||| DROPPING potion of degeneration.
  2126 | D:4      | 2126 ||| Stepping ~*~*~tactically~*~*~ (stealth).
  2269 | D:4      | Found a runed translucent door.
  2273 | D:4      | Noticed qw's ghost (amateur GrFi)
  2489 | D:4      | Noticed a yak
  2490 | D:4      | Noticed a yak
  2493 | D:4      | Noticed a yak
  2494 | D:4      | 2494 ||| Stepping ~*~*~tactically~*~*~ (stealth).
  2501 | D:4      | HP: 8/38 [yak (7)]
  2502 | D:4      | Slain by a yak

Levels and vault maps discovered:
D:1:      heliophobic_arrival_battle_scene, layout_loops_ring, serial_shops,
          nicolae_shop_window_shopping, serial_bayou_lake_a
D:2:      layout_rooms, uniq_terence, uniq_sigmund
D:3:      layout_rooms, nicolae_ashenzari_skybound,
          dreamdust_ecumenical_altar_sealed_demon
D:4:      layout_layer_cave, ebering_ghost_sewer_d, grunt_ministairs_12,
          hangedman_decor_points

Skill      XL: |  1  2  3  4  5  6 |
---------------+-------------------+-----
Axes           | 2 3 5 |  5.8
Fighting       | 4 |  4.0
Dodging        | 1 |  1.0
Throwing       | |  0.4
Armour         | |  3.2
Shields        | |  3.2

Action                   |  1- 3 |  4- 6 || total
-------------------------+-------+-------++-------
Melee: War axe           |    97 |   103 ||   200
Throw: Javelin           |     8 |       ||     8
  Use: Scroll            |     3 |     3 ||     6
       Potion            |     1 |       ||     1
Armor: Scale mail        |    38 |    50 ||    88
Dodge: Dodged            |    32 |    50 ||    82
Block: Buckler           |    11 |    28 ||    39

Table legend:
 A = Non-vault XP
 B = Vault XP
 C = Vault XP percentage of total XP
 D = Non-vault monster count
 E = Vault monster count
 F = Vault count percentage of total count
                 A         B        C        D         E       F
            +---------+---------+-------+---------+---------+-------
      Total |     247 |     313 |  55.9 |      55 |       4 |   6.8
            +---------+---------+-------+---------+---------+-------
        D:1 |      38 |       0 |   0.0 |      21 |       0 |   0.0
        D:2 |      64 |     275 |  81.1 |      13 |       2 |  13.3
        D:3 |      68 |       0 |   0.0 |      11 |       0 |   0.0
        D:4 |      77 |      38 |  33.0 |      10 |       2 |  16.7
            +---------+---------+-------+---------+---------+-------
